 Dungeon Crawl Stone Soup version 0.30.1-9-gdf580d7c3d (webtiles) character file.

Game seed: 601478825647395969

244 tswift the Chopper (level 5, -1/46 HPs)
             Began as a Minotaur Fighter on Sept 29, 2023.
             Slain by an orc
             ... wielding a +0 morningstar
              (9 damage)
             ... on level 4 of the Dungeon.
             The game lasted 00:10:26 (2762 turns).

tswift the Chopper (Minotaur Fighter)               Turns: 2762, Time: 00:10:26

Health: -1/46      AC:  9    Str: 23    XL:     5   Next: 83%
Magic:  4/4        EV:  8    Int:  5    God:
Gold:   53         SH:  0    Dex:  9    Spells: 4/4 levels left

rFire   + . .        a - +0 war axe
rCold   + . .        c - +0 buckler
rNeg    + . .        t - +0 chain mail
rPois   .            (helmet restricted)
rElec   .            n - scarf {rC+ rF+}
rCorr   .            (no gloves)
SInv    .            (no boots)
Will    .....        (no amulet) Stlth
                     (no ring)
HPRegen 0.27/turn    l - ring of positive energy
MPRegen 0.09/turn

%: no passive effects
@: confused
A: horns 2, retaliatory headbutt
a: no special abilities


You were on level 4 of the Dungeon.
You visited 1 branch of the dungeon, and saw 4 of its levels.

You collected 101 gold pieces.
You spent 48 gold pieces at shops.

Inventory:

Hand Weapons
 a - a +0 war axe (weapon)
 b - a +0 flail
Armour
 c - a +0 buckler (worn)
 n - a scarf of resistance (worn)
 t - a +0 chain mail (worn)
Jewellery
 k - a ring of fire
 l - a ring of positive energy (right hand)
Wands
 q - a wand of digging (4)
Scrolls
 d - 2 scrolls of enchant weapon
 f - a scroll of vulnerability
 h - 2 scrolls of fear {unknown}
 j - 2 scrolls of teleportation
 p - a scroll of poison
 s - a scroll of amnesia
Potions
 e - 2 potions of resistance {unknown}
 i - a potion of brilliance {unknown}
 m - a potion of curing {unknown}
 o - a potion of invisibility {unknown}
 r - 3 potions of heal wounds {unknown}


   Skills:
 - Level 4.0 Fighting
 + Level 6.9 Axes
 - Level 4.0 Armour
 - Level 4.0 Shields


You had 4 spell levels left.
You didn't know any spells.
Your spell library contained the following spells:

 Spells                   Type           Power      Damage    Failure   Level
 Freeze                   Ice            0%         1d3       98%         1
 Frozen Ramparts          Ice            0%         1d1       100%        3
 Hailstorm                Conj/Ice       0%         3d3       100%        3


Dungeon Overview and Level Annotations

Branches:
Dungeon (4/15)
 Temple: D:4-7

Altars:
Fedhas
Ru
Uskayaw

Shops:
D:4 *


Innate Abilities, Weirdness & Mutations

You have a pair of horns on your head.
You reflexively headbutt those who attack you in melee.


Message History

You are confused.
You bump into the rock wall.
Something hits you.
You miss something. Your headbutt misses something. Something hits you.
You hear some strange, mumbled words.
A puff of flame appears from out of thin air!
The puff of flame hits you. You resist.
You miss something. Your headbutt misses something.
Something hits you but does no damage.
You miss something.
You hear some strange, mumbled words.
Something tries to affect you, but you resist.
Something hits you but does no damage.
You bump into the rock wall.
You feel less confused. Something hits you but does no damage.
You miss something. Something hits you. Something completely misses you.
You miss something. Something hits you. Something hits you but does no damage.
You miss something. Something hits you but does no damage.
You hear some strange, mumbled words.
A magic dart appears from out of thin air!
The magic dart hits you!
You barely miss something. Something hits you but does no damage.
Something hits you.
There is an open door here.
Something hits you but does no damage.
You hear some strange, mumbled words.
A puff of flame appears from out of thin air!
The puff of flame misses you.
You hear some strange, mumbled words.
You are confused.
Something tries to affect you, but you resist.
There is an open door here.
A puff of flame appears from out of thin air!
The puff of flame hits you. You resist.
You bump into the rock wall.
The orc hits you with a +0 morningstar!
* * * LOW HITPOINT WARNING * * *
There is an open door here.
The orc attacks as you move away! The orc hits you with a +0 morningstar!
You die...

.........# #.# .........#
#.# .......<.# #.#
.........######K#######
#######.###....g....... #.#
#....S....... ##########.#
#.{..........
##≈≈≈.......###.oo.........
#≈≈~~~......'.##@##########
#≈≈∩........#.##.#
#≈≈≈~~#######....# ##≈≈≈##
###### #####


You could see 2 orcs, a goblin, a ball python and a kobold.

Vanquished Creatures
  An ogre (D:3)
  2 orc wizards (D:3)
  2 adders (D:3)
  2 worms (D:2)
  5 dart slugs
  3 orcs
  6 bats
  9 endoplasms
  4 giant cockroaches
  3 goblins
  8 hobgoblins
  4 jackals (D:3)
  A quokka (D:2)
  3 ball pythons
  5 frilled lizards
  8 kobolds
  8 rats
74 creatures vanquished.

Notes
Turn   | Place    | Note
-------+----------+-------------------------------------------
     0 | D:1      | tswift the Minotaur Fighter began the quest for the Orb.
     0 | D:1      | Reached XP level 1. HP: 19/19 MP: 0/0
    34 | D:1      | Reached XP level 2. HP: 27/27 MP: 1/1
   173 | D:1      | Reached skill level 3 in Axes
   328 | D:1      | Found a faded altar of an unknown god.
   339 | D:1      | Reached XP level 3. HP: 33/33 MP: 2/2
   485 | D:2      | Found a hide-covered altar of Uskayaw.
   697 | D:2      | Reached skill level 4 in Axes
  1378 | D:3      | Noticed an ogre
  1383 | D:3      | Killed an ogre
  1384 | D:3      | Reached skill level 5 in Axes
  1384 | D:3      | Reached XP level 4. HP: 18/40 MP: 3/3
  1384 | D:3      | Reached XP level 5. HP: 21/46 MP: 4/4
  1578 | D:3      | Reached skill level 6 in Axes
  2078 | D:3      | Found a sacrificial altar of Ru.
  2087 | D:3      | Found a blossoming altar of Fedhas.
  2678 | D:4      | Found Huub's General Store.
  2686 | D:4      | Bought a scroll of identify for 24 gold pieces
  2686 | D:4      | Bought a scroll of identify for 24 gold pieces
  2762 | D:4      | Slain by an orc

Illustrated notes

Levels and vault maps discovered:
D:1:      mrwooster_arrival_arrow, layout_rooms, ebering_ecumenical_altar_box,
          minmay_pentomino_x4
D:2:      layout_basic, basic_altar
D:3:      kb_forest_paths, layout_basic, mainiacjoe_overflow_boulevard,
          general_overflow_altar, serial_forest, infiniplex_forest_lined_room_2,
          infiniplex_forest_clump_small, infiniplex_forest_lined_corner,
          infiniplex_forest_split, infiniplex_forest_straight_4,
          infiniplex_forest_straight_2, infiniplex_forest_lined_corner,
          infiniplex_forest_lined_corner, infiniplex_forest_lined_room_3,
          minmay_pentomino_pile
D:4:      layout_basic, nemelex_spade_bored_becter, serial_shops,
          nicolae_shop_waterfront

Skill      XL: |  1  2  3  4  5 |
---------------+----------------+-----
Fighting       | 4 |  4.0
Armour         | 4 |  4.0
Shields        | 4 |  4.0
Axes           | 3 5 6 |  6.9

Action                     |  1- 3 |  4- 6 || total
---------------------------+-------+-------++-------
  Melee: War axe           |    79 |    93 ||   172
         Headbutt          |     6 |    10 ||    16
    Use: Potion            |     1 |       ||     1
         Scroll            |       |     5 ||     5
 Armour: Scale mail        |    37 |    12 ||    49
         Chain mail        |       |    37 ||    37
  Dodge: Dodged            |    24 |    30 ||    54
  Block: Buckler           |    20 |    16 ||    36
